[Event "Titled Tuesday Blitz March 28 Early 2023"]
[White "Mrudul Dehankar"]
[Black "Yelisieiev, Yevhenii"]
[WhiteFideId "25096990"]
[BlackFideId "14139642"]
[WhiteElo "2139"]
[BlackElo "2447"]
[Result "1-0"]
[Round "07"]
[TimeControl "180+2"]
[Date "2023.03.28"]
[WhiteClock "0:00:11"]
[BlackClock "0:00:12"]

1. e4 d6 2. d4 Nf6 3. Nc3 e5 4. dxe5 dxe5 5. Qxd8+ Kxd8 6. Bg5 c6 7. O-O-O+ Nd7 8. Bc4 Ke8 9. Nf3 b5 10. Bb3 a5 11. a4 b4 12. Nb1 Nxe4 13. Rhe1 f5 14. Nbd2 Nxd2 15. Rxd2 e4 16. Ne5 Be7 17. Bxe7 Kxe7 18. Nxc6+ Kf6 19. Rd6+ Kg5 20. f3 Nc5 21. Bd5 Bb7 22. fxe4 Rhe8 23. e5 Rac8 24. e6 Ne4 25. Bxe4 fxe4 26. Nxa5 Ba8 27. Nb3 Kf5 28. Nd4+ Kf6 29. Rd7 Rc4 30. Rf1+ Ke5 31. Rf5# 1-0


[Site "https://www.chess.com"]

[Event "Titled Tuesday Blitz March 28 Early 2023"]
[White "Kozin, Yuri"]
[Black "BeReal24"]
[WhiteFideId "4129920"]
[WhiteElo "2506"]
[BlackElo "2319"]
[Result "0-1"]
[Round "07"]
[TimeControl "180+2"]
[Date "2023.03.28"]
[WhiteClock "0:00:07"]
[BlackClock "0:00:28"]

1. e4 c5 2. Nf3 d6 3. d4 cxd4 4. Nxd4 Nf6 5. Nc3 a6 6. Be3 e5 7. Nf3 Be7 8. Bc4 O-O 9. O-O Be6 10. Bxe6 fxe6 11. Na4 Nbd7 12. Ng5 Qa5 13. c4 b5 14. Nc3 bxc4 15. Nxe6 Rfb8 16. Rb1 Nf8 17. Nxf8 Bxf8 18. Bg5 Nd7 19. Qg4 Nc5 20. h4 Nd3 21. h5 Qc7 22. h6 g6 23. Nd5 Qf7 24. f4 exf4 25. Bxf4 Re8 26. Be3 Qe6 27. Nf6+ Kh8 28. Bd4 Ne5 29. Bxe5 dxe5 30. Qg5 Be7 31. Rf2 Bc5 32. Rf1 Rf8 33. Kh2 Bxf2 34. Rxf2 Rf7 35. Qh4 Raf8 36. Ng4 Rxf2 37. Nxf2 Qf6 38. Qxf6+ Rxf6 39. Ng4 Rf4 40. Nxe5 Rxe4 41. Nf7+ Kg8 42. Ng5 Rh4+ 43. Kg3 Rxh6 44. Nf3 Rh5 45. Nd2 Rc5 46. Ne4 Rb5 47. Nd6 Rxb2 48. Nxc4 Rxa2 49. Kf3 Ra4 50. Ne5 Kg7 51. Nd7 Ra3+ 52. Kf2 a5 53. Nb6 Ra2+ 54. Kf3 a4 55. Nc4 Rc2 56. Nd6 a3 0-1


[Site "https://www.chess.com"]

[Event "Titled Tuesday Blitz March 28 Early 2023"]
[White "Gronnestad, Anita"]
[Black "Vovk, Orest"]
[WhiteFideId "1502972"]
[BlackFideId "14113490"]
[WhiteElo "1939"]
[BlackElo "2215"]
[Result "0-1"]
[Round "07"]
[TimeControl "180+2"]
[Date "2023.03.28"]
[WhiteClock "0:00:07"]
[BlackClock "0:00:28"]

1. d4 e5 2. dxe5 Nc6 3. Bf4 Qe7 4. Nc3 Nxe5 5. e3 Nf6 6. Nf3 Nxf3+ 7. Qxf3 c6 8. Bd3 d5 9. O-O Bg4 10. Qg3 Qd7 11. h3 Bf5 12. Rfe1 Bxd3 13. cxd3 Nh5 14. Qf3 Nxf4 15. exf4+ Be7 16. f5 O-O 17. Rac1 Bf6 18. Rc2 Rfe8 19. Rce2 Rxe2 20. Qxe2 Kf8 21. g4 Re8 22. Qd2 Rxe1+ 23. Qxe1 Qe7 24. Qd2 Qb4 25. g5 Be5 26. Qc2 Qf4 27. Nxd5 Qxg5+ 28. Kf1 cxd5 29. Qc8+ Ke7 30. Qxb7+ Kf6 31. Qxa7 Qxf5 32. d4 Qd3+ 33. Kg2 Qxd4 34. Qa6+ Kg5 35. Qb7 f5 36. b4 Qe4+ 37. Kf1 Qb1+ 38. Kg2 Qxa2 39. Qe7+ Bf6 40. Qe3+ Kg6 41. Qg3+ Kh6 42. Qf4+ Kg6 43. Qg3+ Kf7 44. Qc7+ Be7 45. b5 Qc4 46. b6 Ke6 47. Qb7 d4 48. Qa7 Qc5 49. Qa6 Qc6+ 50. Kg1 d3 51. Qa2+ Kd7 52. Qb2 Bf6 53. Qd2 Qxb6 54. Qxd3+ Ke6 55. Qc4+ Ke7 56. Qe2+ Qe6 57. Qb5 Kf7 58. Qb7+ Be7 59. Qb5 g6 60. Kg2 h5 61. Qd3 Qe4+ 0-1


[Site "https://www.chess.com"]

[Event "Titled Tuesday Blitz March 28 Early 2023"]
[White "Turzo, Attila"]
[Black "Sarkar, Justin"]
[WhiteFideId "704954"]
[BlackFideId "2010011"]
[WhiteElo "2503"]
[BlackElo "2189"]
[Result "1-0"]
[Round "07"]
[TimeControl "180+2"]
[Date "2023.03.28"]
[WhiteClock "0:01:06"]
[BlackClock "0:00:01"]

1. e4 c5 2. Nc3 Nc6 3. f4 g6 4. Nf3 Bg7 5. Bc4 e6 6. O-O Nge7 7. d3 d5 8. Bb3 O-O 9. Kh1 Nd4 10. Qe1 Nec6 11. Nxd4 Nxd4 12. Qf2 b6 13. exd5 Nxb3 14. axb3 exd5 15. Ne2 d4 16. Ng3 f5 17. Ne2 Bb7 18. Ng1 Qc7 19. Nf3 Rfe8 20. Bd2 a5 21. Rae1 Bc6 22. Ng5 Qd6 23. Qh4 h6 24. Nf3 Qd5 25. Qg3 Kh7 26. Nh4 Re6 27. Rxe6 Qxe6 28. Re1 Qd6 29. Nf3 Re8 30. Rxe8 Bxe8 31. Qe1 Bc6 32. Qe2 Qd5 33. Kg1 Kg8 34. Be1 Kf7 35. Bh4 Qe6 36. Qxe6+ Kxe6 37. Bd8 1-0


[Site "https://www.chess.com"]

[Event "Titled Tuesday Blitz March 28 Early 2023"]
[White "Lehtosaari, Mauri"]
[Black "Wilson, Elvin"]
[WhiteFideId "501999"]
[BlackFideId "2014874"]
[WhiteElo "2501"]
[BlackElo "2293"]
[Result "1-0"]
[Round "07"]
[TimeControl "180+2"]
[Date "2023.03.28"]
[WhiteClock "0:00:25"]
[BlackClock "0:00:04"]

1. d4 Nf6 2. Nf3 e6 3. Bg5 c5 4. Nbd2 b6 5. e3 cxd4 6. exd4 Bb7 7. Bd3 Be7 8. Qe2 Nc6 9. c3 O-O 10. O-O Nd5 11. Bxe7 Ncxe7 12. g3 f5 13. Nc4 Qc7 14. Nce5 Rae8 15. h4 d6 16. Nc4 Nc8 17. Ng5 Qd7 18. f4 h6 19. Nf3 Nf6 20. Ne3 Ne4 21. Kh2 Ne7 22. Nd2 Nf6 23. Bc4 Ned5 24. Kg1 Kh7 25. Bb5 Bc6 26. Bxc6 Qxc6 27. Rae1 Nxe3 28. Qxe3 b5 29. Qf3 Qxf3 30. Rxf3 Kg6 31. Rfe3 Kf7 32. Kg2 Re7 33. Rc1 Rc8 34. Ree1 a5 35. a3 Rec7 36. Kf3 Nd5 37. Ke2 Nb6 38. Kd3 Na4 39. Rc2 Nb6 40. Rec1 Nd5 41. Nf1 Nf6 42. Nd2 Ng4 43. Ke2 Ke7 44. Nb3 Ra7 45. d5 e5 46. Nd2 Nf6 47. c4 bxc4 48. fxe5 dxe5 49. Nxc4 e4 50. Ne3 Rxc2+ 51. Rxc2 g6 52. Rc6 Rd7 53. b4 axb4 54. axb4 Nxd5 55. Nxd5+ Rxd5 56. Rxg6 Rd4 57. b5 Rb4 58. b6 h5 59. Ke3 Kf7 60. Rh6 Kg7 61. Rxh5 Rb3+ 62. Kd4 Rxb6 63. Rxf5 Re6 64. Ke3 Kg6 65. Rf4 Rb6 66. Rxe4 Rb3+ 67. Kf4 Rb1 68. Re6+ Kf7 69. Ra6 Rb5 70. g4 Kg7 71. h5 Kh7 72. Kg3 Kg7 73. Kh4 Kh7 74. Ra7+ 1-0


[Site "https://www.chess.com"]

[Event "Titled Tuesday Blitz March 28 Early 2023"]
[White "Ronka, Erik"]
[Black "Levitan, Caleb Levi"]
[WhiteFideId "505080"]
[BlackFideId "14332620"]
[WhiteElo "2264"]
[BlackElo "1963"]
[Result "1-0"]
[Round "07"]
[TimeControl "180+2"]
[Date "2023.03.28"]
[WhiteClock "0:00:32"]
[BlackClock "0:00:01"]

1. e4 e5 2. Nf3 Nc6 3. Bb5 a6 4. Ba4 Nf6 5. O-O Bc5 6. Nxe5 Nxe5 7. d4 b5 8. Bb3 Bxd4 9. Qxd4 d6 10. f4 c5 11. Qd1 Nc6 12. c3 O-O 13. Qf3 Bb7 14. Bc2 Qe7 15. Nd2 Rfe8 16. a4 b4 17. Re1 bxc3 18. bxc3 d5 19. e5 Nd7 20. Qxd5 Nd4 21. Qxb7 Nxc2 22. Ba3 Nxa1 23. Rxa1 Reb8 24. Qf3 Qd8 25. Ne4 c4 26. Nd6 Nb6 27. Bc5 Qc7 28. Bd4 Rd8 29. Nf5 Nd7 30. Qg4 g6 31. Nh6+ Kg7 32. e6+ Nf6 33. Qg5 Rxd4 34. Nf5+ Kf8 35. Qxf6 Qxf4 36. Qh8# 1-0


[Site "https://www.chess.com"]

[Event "Titled Tuesday Blitz March 28 Early 2023"]
[White "Fajdetic, Hrvoje"]
[Black "Ljukin, Sergei"]
[WhiteFideId "14501945"]
[BlackFideId "14102200"]
[WhiteElo "2185"]
[BlackElo "2312"]
[Result "0-1"]
[Round "07"]
[TimeControl "180+2"]
[Date "2023.03.28"]
[WhiteClock "0:00:01"]
[BlackClock "0:00:02"]

1. f4 d5 2. Nf3 Nf6 3. e3 Bf5 4. b3 c5 5. Bb2 Nc6 6. Be2 e6 7. O-O Be7 8. d3 O-O 9. Qe1 Ng4 10. Bd1 Bf6 11. d4 cxd4 12. exd4 Qb6 13. c3 Be7 14. Ne5 Ngxe5 15. fxe5 f6 16. exf6 Bxf6 17. Kh1 Rae8 18. Bf3 Bd3 19. Be2 Bxe2 20. Qxe2 e5 21. dxe5 Rxe5 22. Qd3 Re3 23. Qxd5+ Kh8 24. Na3 Rd8 25. Qh5 Ne5 26. Rad1 h6 27. Bc1 Rxd1 28. Rxd1 Nd3 29. Bxe3 Qxe3 30. h3 Nf2+ 31. Kh2 Nxd1 32. Qxd1 Be5+ 33. Kh1 Qg3 34. Qg1 Bxc3 35. Nc4 b5 36. a4 bxc4 37. bxc4 Be5 38. c5 Bc7 39. c6 Kh7 40. a5 a6 41. Qb1+ Kh8 42. Qg1 Bxa5 43. Qa7 Bc7 44. Kg1 Qf4 0-1


[Site "https://www.chess.com"]

[Event "Titled Tuesday Blitz March 28 Early 2023"]
[White "Ruge, Edison"]
[Black "Tanmay Jain"]
[WhiteFideId "4401000"]
[BlackFideId "45015481"]
[WhiteElo "2175"]
[BlackElo "2032"]
[Result "1-0"]
[Round "07"]
[TimeControl "180+2"]
[Date "2023.03.28"]
[WhiteClock "0:00:51"]
[BlackClock "0:00:08"]

1. e4 e5 2. Nf3 Nc6 3. Bb5 a6 4. Ba4 Nf6 5. Qe2 b5 6. Bb3 Bc5 7. a4 b4 8. Bxf7+ Kxf7 9. Qc4+ d5 10. Qxc5 Bb7 11. exd5 Qxd5 12. Qxd5+ Nxd5 13. d3 Rhe8 14. O-O Nd4 15. Nxd4 exd4 16. Nd2 Re2 17. Nf3 c5 18. Bd2 Nf6 19. Rad1 Rae8 20. Ng5+ Kg6 21. Nh3 Nd5 22. b3 Bc8 23. Kh1 Kh5 24. Ng1 R2e7 25. Rfe1 Bg4 26. f3 Bd7 27. Rxe7 Rxe7 28. g4+ Kg6 29. Kg2 Kf6 30. Kf2 h6 31. Ne2 g5 32. Ng3 Kg6 33. Ne4 Bc6 34. Nxc5 Rf7 35. Ne4 Nf6 36. Kg3 h5 37. h3 h4+ 38. Kg2 Nxe4 39. dxe4 a5 40. Be1 Rd7 41. Bf2 Kf6 42. Rxd4 Rxd4 43. Bxd4+ Ke6 44. Kf2 1-0


[Site "https://www.chess.com"]

[Event "Titled Tuesday Blitz March 28 Early 2023"]
[White "Manukian, Artak"]
[Black "monkins"]
[WhiteFideId "13301373"]
[WhiteElo "2130"]
[BlackElo "2274"]
[Result "1-0"]
[Round "07"]
[TimeControl "180+2"]
[Date "2023.03.28"]
[WhiteClock "0:00:53"]
[BlackClock "0:00:12"]

1. e4 c6 2. d4 d5 3. e5 c5 4. dxc5 Nc6 5. Bb5 Nh6 6. b4 Bg4 7. f3 Bf5 8. Ne2 e6 9. Nd4 Rc8 10. Bxh6 gxh6 11. O-O Bg6 12. f4 Bg7 13. Nd2 O-O 14. c3 Qe7 15. N2f3 f6 16. exf6 Rxf6 17. Bxc6 bxc6 18. Ne5 Rxf4 19. Rxf4 Bxe5 20. Rf2 Qh4 21. g3 Qe7 22. Qe2 Be4 23. Raf1 a5 24. Qg4+ Bg6 25. Qxe6+ Qxe6 26. Nxe6 Bg7 27. bxa5 Ra8 28. a6 Bd3 29. Re1 1-0


[Site "https://www.chess.com"]

[Event "Titled Tuesday Blitz March 28 Early 2023"]
[White "Zavortink, Matt"]
[Black "Nguyen Hong Nhung"]
[WhiteFideId "2034263"]
[BlackFideId "12412201"]
[WhiteElo "2271"]
[BlackElo "1904"]
[Result "1-0"]
[Round "07"]
[TimeControl "180+2"]
[Date "2023.03.28"]
[WhiteClock "0:01:28"]
[BlackClock "0:02:03"]

1. c4 c5 2. Nf3 Nf6 3. Nc3 Nc6 4. e3 g6 5. d4 cxd4 6. exd4 d5 7. cxd5 Nxd5 8. Qb3 Nxc3 9. Bc4 e6 10. bxc3 Bg7 11. Ba3 Bf8 12. Bxf8 Kxf8 13. h4 h5 14. O-O Kg7 15. Bd3 b6 16. Rfe1 Bb7 17. Ng5 Re8 18. Re3 Na5 19. Qc2 Qf6 20. Rae1 Rac8 21. Be4 Ba6 22. Rf3 Qe7 23. Rxf7+ Qxf7 24. Nxf7 Kxf7 25. Bxg6+ Kf6 26. Bxe8 Rxe8 27. Qh7 Bb5 28. Qxh5 Ke7 29. Qxb5 1-0


[Site "https://www.chess.com"]

[Event "Titled Tuesday Blitz March 28 Early 2023"]
[White "Abdilkhair, Abilmansur"]
[Black "Qashashvili, Alexandre"]
[WhiteFideId "13716417"]
[BlackFideId "13600842"]
[WhiteElo "2216"]
[BlackElo "2405"]
[Result "1-0"]
[Round "07"]
[TimeControl "180+2"]
[Date "2023.03.28"]
[WhiteClock "0:02:24"]
[BlackClock "0:02:21"]

1. d4 c6 2. Nc3 Nf6 3. e4 d6 4. Nf3 g6 5. Bc4 Bg7 6. h3 O-O 7. O-O Nbd7 8. e5 dxe5 9. dxe5 Ne8 10. e6 fxe6 11. Bxe6+ Kh8 12. Bg5 Ndf6 13. Qxd8 Nd6 14. Qxe7 1-0


[Site "https://www.chess.com"]

[Event "Titled Tuesday Blitz March 28 Early 2023"]
[White "ritanovikova"]
[Black "Forgacs, Attila Jr."]
[BlackFideId "773654"]
[WhiteElo "2217"]
[BlackElo "2168"]
[Result "0-1"]
[Round "07"]
[TimeControl "180+2"]
[Date "2023.03.28"]
[WhiteClock "0:00:24"]
[BlackClock "0:02:08"]

1. e4 a6 2. d4 b5 3. Nf3 Bb7 4. Bd3 Nf6 5. e5 Nd5 6. O-O e6 7. b3 c5 8. c4 bxc4 9. bxc4 Nb6 10. Be3 cxd4 11. Bxd4 Nc6 12. Be3 Be7 13. Nc3 Rb8 14. Rb1 Ba8 15. Ne4 Nb4 16. Be2 Bxe4 17. a3 Bxb1 18. axb4 Be4 19. Bxb6 Qxb6 0-1


[Site "https://www.chess.com"]

[Event "Titled Tuesday Blitz March 28 Early 2023"]
[White "Zacurdajev, Dmitry"]
[Black "Floresvillar Gonzalez, Luis Migu"]
[WhiteFideId "4196309"]
[BlackFideId "5100542"]
[WhiteElo "2179"]
[BlackElo "2040"]
[Result "1-0"]
[Round "07"]
[TimeControl "180+2"]
[Date "2023.03.28"]
[WhiteClock "0:00:11"]
[BlackClock "0:00:01"]

1. d4 d5 2. c4 c6 3. Nc3 Nf6 4. Nf3 g6 5. e3 Bg7 6. Bd3 dxc4 7. Bxc4 O-O 8. O-O b5 9. Bb3 Bb7 10. a4 b4 11. Ne2 a5 12. Ne5 c5 13. dxc5 Qc7 14. Nd3 Rd8 15. Bc4 Nbd7 16. Qb3 e6 17. Nd4 Nxc5 18. Nxc5 Qxc5 19. Bd2 Qg5 20. f3 e5 21. Bxf7+ Kh8 22. Ne6 Qh6 23. Nxd8 Rxd8 24. Rfd1 e4 25. Be1 Rf8 26. f4 Ng4 27. h3 Rxf7 28. hxg4 Rf8 29. Rd7 Bc8 30. Rc7 Bxg4 31. Qd5 Bf5 32. Qxa5 Qh5 33. Qxb4 Qe2 34. Qd2 Qg4 35. Rac1 Be6 36. Rxg7 Kxg7 37. Rc7+ Rf7 38. Qd4+ Kh6 39. Rxf7 Bxf7 40. Qxe4 Bb3 41. Qf3 Qe6 42. a5 1-0


[Site "https://www.chess.com"]

[Event "Titled Tuesday Blitz March 28 Early 2023"]
[White "Torres Dominguez, David"]
[Black "Harriott, Tyrell"]
[WhiteFideId "2220857"]
[BlackFideId "2086484"]
[WhiteElo "1999"]
[BlackElo "2107"]
[Result "1/2-1/2"]
[Round "07"]
[TimeControl "180+2"]
[Date "2023.03.28"]
[WhiteClock "0:00:11"]
[BlackClock "0:00:42"]

1. e4 e6 2. d4 b6 3. Bd3 Bb7 4. Qe2 d5 5. e5 c5 6. c3 Ne7 7. Nf3 Nec6 8. a3 c4 9. Bc2 Be7 10. O-O O-O 11. Nbd2 Nd7 12. Re1 Re8 13. Nf1 Nf8 14. Ng3 b5 15. Nh5 Ng6 16. g3 a5 17. h4 Kh8 18. Bh6 gxh6 19. Qd2 Bf8 20. Nh2 Bg7 21. Nxg7 Kxg7 22. Ng4 Rg8 23. Qxh6+ Kh8 24. Nf6 Rg7 25. h5 Nf8 26. Kg2 Nb8 27. Qf4 Nbd7 28. h6 Rg6 29. Nxd7 Nxd7 30. Bxg6 fxg6 31. Qf7 Qf8 32. Qxd7 Bc8 33. Qc7 Rb8 34. Re3 Rb7 35. Qc6 Rf7 36. Rf1 Bd7 37. Qb6 a4 38. Qc5 Qxh6 39. Rh1 Qg5 40. Rf3 Rxf3 41. Kxf3 Qf5+ 42. Kg2 Qe4+ 43. Kh2 Kg7 44. Qe7+ Kg8 45. Kg1 Qe1+ 46. Kg2 Qe4+ 47. Kg1 Qe1+ 48. Kg2 Qe4+ 49. Kg1 1/2-1/2


[Site "https://www.chess.com"]

[Event "Titled Tuesday Blitz March 28 Early 2023"]
[White "Hindermann, Felix"]
[Black "Sankalan Shah"]
[WhiteFideId "1305212"]
[BlackFideId "25600362"]
[WhiteElo "2206"]
[BlackElo "2118"]
[Result "1-0"]
[Round "07"]
[TimeControl "180+2"]
[Date "2023.03.28"]
[WhiteClock "0:01:51"]
[BlackClock "0:01:23"]

1. e4 e5 2. Nf3 Nc6 3. Nc3 Nf6 4. Bb5 Bb4 5. O-O O-O 6. d3 d6 7. Bg5 Bxc3 8. bxc3 Bg4 9. Bxc6 bxc6 10. h3 Bxf3 11. Qxf3 h6 12. Bxf6 Qxf6 13. Qxf6 gxf6 14. Rab1 Rab8 15. Rb3 Rb6 16. c4 Rfb8 17. f4 Kg7 18. Kf2 a5 19. Rfb1 a4 20. Rxb6 cxb6 21. Rb4 b5 22. Ke3 Kf8 23. cxb5 Rxb5 24. Rxa4 Rb2 25. Kd2 Rb1 26. f5 Rg1 27. g4 Rh1 28. Ra6 Rxh3 29. Rxc6 Ke7 30. Rc7+ Ke8 31. a4 Rh1 32. a5 Ra1 33. Ra7 Kf8 34. a6 Kg7 35. Kc3 h5 36. gxh5 Kh6 37. Rxf7 Rxa6 38. Rxf6+ Kxh5 39. Rg6 Rc6+ 40. Kb3 1-0


[Site "https://www.chess.com"]

[Event "Titled Tuesday Blitz March 28 Early 2023"]
[White "Bongo Akanga Ndjila, Barthelemy"]
[Black "Meunier-Pion, Jean"]
[WhiteFideId "10609431"]
[BlackFideId "20685327"]
[WhiteElo "1768"]
[BlackElo "2124"]
[Result "0-1"]
[Round "07"]
[TimeControl "180+2"]
[Date "2023.03.28"]
[WhiteClock "0:00:56"]
[BlackClock "0:00:03"]

1. d4 Nf6 2. c4 e6 3. Nf3 b6 4. Nc3 Bb4 5. Bd2 Bb7 6. a3 Bxc3 7. Bxc3 Ne4 8. Rc1 O-O 9. g3 d6 10. Bg2 Nd7 11. O-O Qe7 12. Re1 f5 13. e3 g5 14. h3 g4 15. Nh4 Qg5 16. d5 e5 17. hxg4 Nxc3 18. Rxc3 fxg4 19. Be4 Rf6 20. b4 Raf8 21. Rc2 Bc8 22. Kg2 R8f7 23. Rh1 Nf8 24. Rh2 Bd7 25. Kg1 Ba4 26. Qd3 Bxc2 27. Qxc2 a5 28. c5 axb4 29. axb4 bxc5 30. bxc5 dxc5 31. Qxc5 Ra6 32. d6 cxd6 33. Qc8 Ra1+ 34. Kg2 Rd1 35. Qc2 d5 36. Qxd1 dxe4 37. Qd5 Qf6 38. Kg1 Ng6 39. Nxg6 hxg6 40. Qxe4 Kg7 41. Qxg4 Qd6 42. Rh4 Qd2 43. Rh2 Qe1+ 44. Kg2 Rxf2+ 45. Kh3 Qf1+ 46. Kh4 Rxh2+ 47. Kg5 Qf6# 0-1


[Site "https://www.chess.com"]

[Event "Titled Tuesday Blitz March 28 Early 2023"]
[White "Melikhov, Evgeny V."]
[Black "Kornyukov, Alexey"]
[WhiteFideId "4122046"]
[BlackFideId "4150457"]
[WhiteElo "2158"]
[BlackElo "2352"]
[Result "1-0"]
[Round "07"]
[TimeControl "180+2"]
[Date "2023.03.28"]
[WhiteClock "0:02:11"]
[BlackClock "0:01:30"]

1. d4 d5 2. c4 e6 3. Nc3 Be7 4. cxd5 exd5 5. Nf3 Nf6 6. Bg5 O-O 7. e3 Ne4 8. Bxe7 Qxe7 9. Nxd5 Qd6 10. Nc3 Nxc3 11. bxc3 c5 12. Be2 Nc6 13. O-O Rd8 14. Qb3 Be6 15. Qxb7 Rdb8 16. Qa6 Rb6 17. Qa3 1-0


[Site "https://www.chess.com"]

[Event "Titled Tuesday Blitz March 28 Early 2023"]
[White "Rios Escobar, Adan"]
[Black "dDobravcan"]
[WhiteFideId "3403645"]
[WhiteElo "2411"]
[BlackElo "2157"]
[Result "1-0"]
[Round "07"]
[TimeControl "180+2"]
[Date "2023.03.28"]
[WhiteClock "0:00:02"]
[BlackClock "0:00:03"]

1. d4 d6 2. g3 e5 3. dxe5 dxe5 4. Qxd8+ Kxd8 5. f4 f6 6. Bg2 c6 7. Nc3 Kc7 8. Nf3 Nd7 9. Bd2 Nh6 10. O-O-O Nf7 11. Rhf1 Nc5 12. fxe5 fxe5 13. Nh4 Be6 14. Nf5 g6 15. Nh4 Be7 16. Nf3 a5 17. a4 Rad8 18. h4 Bc4 19. b3 Be6 20. Ng5 Nxg5 21. Bxg5 Bxg5+ 22. hxg5 Rxd1+ 23. Nxd1 h5 24. gxh6 Rxh6 25. Rf6 Bf5 26. Ne3 Be4 27. Rf7+ Kb6 28. Nc4+ Ka6 29. Bxe4 Nxe4 30. g4 g5 31. Rf8 b5 32. axb5+ cxb5 33. Nxe5 Re6 34. Nd3 Kb6 35. Rf5 Nd6 36. Rxg5 Rxe2 37. Rg6 Kc7 38. Nf4 Rf2 39. Ne6+ Kc6 40. Nd4+ Kd5 41. c3 a4 42. Rg5+ Ke4 43. bxa4 bxa4 44. Ra5 Kd3 45. Rxa4 Kxc3 46. Kd1 Nc4 47. Ne2+ Kd3 48. Ke1 Rxe2+ 49. Kf1 Ne3+ 50. Kg1 Rg2+ 51. Kh1 Rg3 52. Kh2 Rf3 53. g5 Ke2 54. g6 Nf1+ 55. Kh1 Kf2 56. Ra2+ Ke3 57. Rg2 Ng3+ 58. Kh2 Nf1+ 59. Kg1 1-0


[Site "https://www.chess.com"]

[Event "Titled Tuesday Blitz March 28 Early 2023"]
[White "Winkels, Marcel"]
[Black "Kozelov, Roman"]
[WhiteFideId "1003887"]
[BlackFideId "14133377"]
[WhiteElo "1900"]
[BlackElo "2149"]
[Result "1-0"]
[Round "07"]
[TimeControl "180+2"]
[Date "2023.03.28"]
[WhiteClock "0:00:22"]
[BlackClock "0:00:23"]

1. d4 d5 2. Bf4 Nf6 3. e3 e6 4. Nf3 Bd6 5. Bg3 O-O 6. c3 c5 7. Nbd2 Nc6 8. Bd3 c4 9. Bc2 b5 10. O-O b4 11. e4 dxe4 12. Nxe4 Nxe4 13. Bxe4 Bb7 14. Qc2 h6 15. Rad1 Bxg3 16. hxg3 Rb8 17. Bxc6 Bxc6 18. Ne5 Bd5 19. cxb4 Rxb4 20. a3 Rb7 21. Nxc4 Qb8 22. Ne3 Rxb2 23. Qc5 Be4 24. d5 exd5 25. Nxd5 Qxg3 26. Ne3 Qg6 27. Rd4 Ba8 28. Qe5 h5 29. Rd6 f6 30. Qxb2 1-0


[Site "https://www.chess.com"]

[Event "Titled Tuesday Blitz March 28 Early 2023"]
[White "Vedder, Richard"]
[Black "Acikel, Mert"]
[WhiteFideId "1004166"]
[BlackFideId "12956465"]
[WhiteElo "2168"]
[BlackElo "2097"]
[Result "1-0"]
[Round "07"]
[TimeControl "180+2"]
[Date "2023.03.28"]
[WhiteClock "0:01:48"]
[BlackClock "0:00:20"]

1. d4 d5 2. c4 e6 3. Nc3 Nf6 4. cxd5 exd5 5. Bg5 c6 6. e3 h6 7. Bh4 Be7 8. Bd3 O-O 9. Qc2 Re8 10. Nge2 a5 11. O-O Na6 12. a3 Nc7 13. Rae1 Bd7 14. f3 Ne6 15. Bf2 b5 16. e4 b4 17. axb4 axb4 18. Nd1 dxe4 19. fxe4 Ng4 20. Bg3 Bh4 21. Qd2 Bxg3 22. hxg3 Ng5 23. Qf4 Be6 24. Ne3 Qxd4 25. Nxd4 1-0


[Site "https://www.chess.com"]

[Event "Titled Tuesday Blitz March 28 Early 2023"]
[White "Michalski, Olaf"]
[Black "Seletsky, Grigory"]
[WhiteFideId "1106740"]
[BlackFideId "14112191"]
[WhiteElo "2173"]
[BlackElo "2490"]
[Result "1-0"]
[Round "07"]
[TimeControl "180+2"]
[Date "2023.03.28"]
[WhiteClock "0:00:10"]
[BlackClock "0:00:02"]

1. d4 c5 2. d5 e5 3. e4 d6 4. c4 Nf6 5. Nc3 Be7 6. f4 O-O 7. fxe5 dxe5 8. Nf3 Bd6 9. Bg5 h6 10. Bh4 Bg4 11. h3 Bh5 12. g4 Bg6 13. Bd3 a6 14. Qe2 Nbd7 15. O-O Re8 16. Bg3 Nh7 17. Nh4 Qg5 18. Kh2 Nhf6 19. Nf3 Nxg4+ 20. hxg4 Qxg4 21. Kg2 Nf6 22. Nh2 Qg5 23. Rf2 Nh5 24. Qg4 Qe3 25. Qf3 Qg5 26. Qg4 Qe7 27. Raf1 Rab8 28. Bh4 Qc7 29. Ne2 b5 30. b3 Nf4+ 31. Nxf4 exf4 32. Re1 b4 33. Rfe2 a5 34. Nf3 Be5 35. Nxe5 1-0


[Site "https://www.chess.com"]

[Event "Titled Tuesday Blitz March 28 Early 2023"]
[White "Topalov, Aleksandar"]
[Black "Sanchez, German"]
[WhiteFideId "925659"]
[BlackFideId "4403959"]
[WhiteElo "2151"]
[BlackElo "1816"]
[Result "1-0"]
[Round "07"]
[TimeControl "180+2"]
[Date "2023.03.28"]
[WhiteClock "0:00:50"]
[BlackClock "0:00:02"]

1. b3 Nf6 2. Bb2 d6 3. Bxf6 gxf6 4. c4 Bg7 5. Nc3 f5 6. e3 c5 7. Nge2 Nc6 8. g3 h5 9. h4 e5 10. Bg2 Be6 11. d3 Qe7 12. Nd5 Bxd5 13. Bxd5 O-O-O 14. e4 fxe4 15. Bxe4 Nd4 16. Nxd4 cxd4 17. Qf3 Kb8 18. O-O Rdf8 19. Bf5 Bh6 20. b4 Rfg8 21. Kh2 Bf4 22. gxf4 Qxh4+ 23. Bh3 Rg4 24. Rg1 Rhg8 25. fxe5 dxe5 26. Rg3 f5 27. Qxf5 R8g5 28. Qf8+ Kc7 29. Rag1 Rf4 30. Qe7+ Kc6 31. Qxg5 1-0


[Site "https://www.chess.com"]

[Event "Titled Tuesday Blitz March 28 Early 2023"]
[White "lolliNOPE"]
[Black "Valle Maytin, Luis Enrique"]
[BlackFideId "3503666"]
[WhiteElo "2071"]
[BlackElo "2225"]
[Result "0-1"]
[Round "07"]
[TimeControl "180+2"]
[Date "2023.03.28"]
[WhiteClock "0:00:29"]
[BlackClock "0:00:15"]

1. e4 c6 2. d4 d5 3. Nc3 dxe4 4. Nxe4 Nf6 5. Nxf6+ exf6 6. Nf3 Bd6 7. Bd3 O-O 8. O-O Re8 9. Re1 Nd7 10. h3 Nf8 11. Bd2 Be6 12. c4 Qd7 13. Bc3 Rad8 14. Qc2 Ng6 15. Rad1 Bb8 16. Bf1 Qc7 17. b3 Nh4 18. Be2 Nxf3+ 19. Bxf3 Qh2+ 20. Kf1 Qh1+ 21. Ke2 Bf5+ 22. Kd2 Bf4+ 23. Re3 Bxe3+ 24. fxe3 Bxc2 25. Rxh1 Be4 26. Ba5 b6 27. Bc3 f5 28. Rf1 g6 29. Bb2 Rd7 30. Rf2 a5 31. a4 f6 32. Bc3 Kf7 33. Bd1 Rb8 34. Be2 Ke7 35. g3 h5 36. Bb2 Ke6 37. Ba3 h4 38. g4 fxg4 39. Bxg4+ f5 40. Be2 g5 41. Bc1 Rg7 42. Rh2 Rh7 43. Kc3 Kd7 44. Bd2 Rg8 45. Be1 g4 46. Bf1 g3 47. Rg2 Bxg2 48. Bxg2 Re7 49. Kd3 f4 50. Bd2 fxe3 51. Bxe3 Rxe3+ 52. Kxe3 Rf8 53. d5 Rf2 54. dxc6+ Kc7 0-1


[Site "https://www.chess.com"]

[Event "Titled Tuesday Blitz March 28 Early 2023"]
[White "Shukhman, Anna"]
[Black "Kriti Mayur Patel"]
[WhiteFideId "54180058"]
[BlackFideId "35061780"]
[WhiteElo "2125"]
[BlackElo "1306"]
[Result "1-0"]
[Round "07"]
[TimeControl "180+2"]
[Date "2023.03.28"]
[WhiteClock "0:00:41"]
[BlackClock "0:00:18"]

1. e4 e5 2. Nf3 Nc6 3. Bc4 Nf6 4. d3 Bc5 5. O-O d6 6. a4 Ne7 7. c3 a5 8. h3 Ng6 9. Re1 O-O 10. Nbd2 Nh5 11. Nf1 Nhf4 12. d4 Bb6 13. dxe5 dxe5 14. Qxd8 Rxd8 15. Be3 Be6 16. Bxe6 fxe6 17. Bxb6 cxb6 18. Ne3 Nd3 19. Re2 Ngf4 20. Rd2 Nc5 21. Rxd8+ Rxd8 22. Nxe5 Nxe4 23. N3c4 Nd3 24. Nxd3 Rxd3 25. Nxb6 Rd2 26. Nc4 Rxf2 27. Re1 Rf4 28. Nxa5 Nc5 29. b4 Nxa4 30. Re3 b6 31. g3 Rf6 32. Nc4 b5 33. Nd6 Nb2 34. Nxb5 Nc4 35. Rd3 Nb6 36. Nd6 h6 37. c4 e5 38. c5 Na4 39. c6 Nb6 40. c7 Rf8 41. Rc3 g6 42. c8=Q Nxc8 43. Rxc8 Rxc8 44. Nxc8 Kf7 45. b5 Ke6 46. b6 Kd7 47. Ne7 Ke6 48. b7 Kxe7 49. b8=Q Kf6 50. Qd6+ Kg5 51. Qxe5# 1-0


[Site "https://www.chess.com"]